 Dungeon Crawl Stone Soup version 0.29-a0-284-gf9362112df (webtiles) character file.

Game seed: 16962482021694289125

4724 enile the Fighter (level 10, -12/82 HPs)
             Began as a Gnoll Wanderer on Mar 31, 2022.
             Was a High Priest of Nemelex Xobeh.
             Mangled by a six-headed hydra (14 damage)
             ... on level 1 of the Lair of Beasts.
             The game lasted 00:17:58 (14244 turns).

enile the Fighter (Gnoll Wanderer)                 Turns: 14244, Time: 00:17:58

Health: -12/82     AC:  5    Str: 20    XL:     10   Next: 45%
Magic:  0/19       EV: 13    Int:  9    God:    Nemelex Xobeh [*****.]
Gold:   220        SH:  0    Dex: 10    Spells: 16/21 levels left

rFire   . . .      SeeInvis .   a - +0 triple crossbow
rCold   . . .      Faith    .   (shield currently unavailable)
rNeg    . . .      Spirit   +   l - +0 troll leather armour
rPois   .          Reflect  .   (no helmet)
rElec   .          Harm     .   (no cloak)
rCorr   .          Rampage  .   (no gloves)
Will    +....                   (no boots)
Stlth   ++........              g - amulet of guardian spirit
HPRegen 1.03/turn               u - ring of willpower
MPRegen 0.16/turn               (no ring)

@: on blink cooldown, studying Crossbows
A: fangs 1, strong nose, distributed training
a: Renounce Religion, Draw Escape, Draw Destruction, Draw Summoning, Triple
Draw, Deal Four, Stack Five


You were on level 1 of the Lair of Beasts.
You worshipped Nemelex Xobeh.
Nemelex Xobeh was extremely pleased with you.
You visited 2 branches of the dungeon, and saw 11 of its levels.

You collected 1431 gold pieces.
You spent 1211 gold pieces at shops.

Inventory:

Hand Weapons
 a - a +0 triple crossbow (weapon)
 b - the +9 mace of Peenuiwn {vorpal, +Blink rN+ Will+ Int-2}
   (You found it on level 4 of the Dungeon)

   It inflicts extra damage upon your enemies.
   Int:       It affects your intelligence (-2).
   rN:        It protects you from negative energy.
   +Blink:    It lets you blink.
   Will:      It increases your willpower.
 P - a +4 battleaxe
 Z - the +8 mace "Kataedig" {vorpal, rC- Will- Int+8}
   (You found it on level 1 of the Lair of Beasts)

   It inflicts extra damage upon your enemies.
   Int:       It affects your intelligence (+8).
   rC:        It makes you vulnerable to cold.
   Will:      It decreases your willpower.
Missiles
 w - a curare-tipped dart
 y - 3 throwing nets
 C - 9 atropa-tipped darts
 O - 22 poisoned darts
 T - 3 silver javelins
Armour
 k - a +0 chain mail of cold resistance
 l - a +0 troll leather armour (worn)
 m - the +1 robe of the Shore {Dex+3 Stlth+}
   (You found it on level 2 of the Dungeon)

   Dex:       It affects your dexterity (+3).
   Stlth:     It makes you more stealthy.
 z - +0 pearl dragon scales
 F - the +2 robe of Ujiyvo Vunu {Dex+4 Stlth+}
   (You found it on level 5 of the Dungeon)

   Dex:       It affects your dexterity (+4).
   Stlth:     It makes you more stealthy.
 I - the +3 ring mail of Broken Taboos {Fly rElec}
   (You found it on level 6 of the Dungeon)

   rElec:     It insulates you from electricity.
   Fly:       It grants you flight.
 L - a +0 kite shield
Jewellery
 g - an amulet of guardian spirit (around neck)
 u - a ring of willpower (left hand)
 v - a ring of poison resistance
 x - an amulet of magic regeneration
Wands
 q - a wand of mindburst (7)
 V - a wand of polymorph (10)
Scrolls
 f - 2 scrolls of enchant weapon
 i - a scroll of enchant armour {unknown}
 r - 2 scrolls of teleportation
 s - 3 scrolls of fog
 D - 2 scrolls of immolation
 H - a scroll of amnesia
 K - a scroll of holy word
 M - a scroll of fear {unknown}
 N - a scroll of magic mapping {unknown}
 Q - 2 scrolls of vulnerability
 W - 2 scrolls of identify
Potions
 e - 2 potions of might
 h - a potion of resistance {unknown}
 j - a potion of brilliance {unknown}
 o - 5 potions of curing
 p - 2 potions of flight {unknown}
 A - 3 potions of invisibility
 B - a potion of haste
 E - a potion of heal wounds {unknown}
 G - 2 potions of degeneration {unknown}
 J - 4 potions of lignification
 R - 2 potions of berserk rage {unknown}
 S - a potion of ambrosia {unknown}
 Y - a potion of magic {unknown}
Miscellaneous
 c - a phantom mirror
 X - a lightning rod (4/4)


   Skills:
 + Level 8.5 Fighting
 + Level 5.3 Short Blades
 + Level 5.3 Long Blades
 + Level 5.3 Axes
 + Level 5.3 Maces & Flails
 + Level 5.3 Polearms
 + Level 6.0 Staves
 + Level 5.3 Slings
 + Level 5.3 Bows
 + Level 5.3 Crossbows
 + Level 7.1 Throwing
 + Level 7.1 Armour
 + Level 5.3 Dodging
 + Level 5.3 Stealth
 + Level 5.3 Shields
 + Level 5.3 Unarmed Combat
 + Level 6.1 Spellcasting
 + Level 4.3 Conjurations
 + Level 4.3 Hexes
 + Level 4.3 Summonings
 + Level 4.3 Necromancy
 + Level 4.3 Translocations
 + Level 4.3 Transmutations
 + Level 4.3 Fire Magic
 + Level 4.3 Ice Magic
 + Level 4.3 Air Magic
 + Level 4.3 Earth Magic
 + Level 4.3 Poison Magic
 + Level 6.4 Invocations
 + Level 5.3 Evocations


You had 16 spell levels left.
You knew the following spells:

 Your Spells              Type           Power      Damage    Failure   Level
a - Blink                 Tloc           20%        N/A       6%          2
b - Inner Flame           Hex/Fire       10%        N/A       13%         3

Your spell library contained the following spells:

 Spells                   Type           Power      Damage    Failure   Level
 Foxfire                  Conj/Fire      40%        2x1d6     4%          1
 Pain                     Necr           40%        1d6       4%          1
 Conjure Flame            Conj/Fire      10%        6-21      13%         3
 Portal Projectile        Hex/Tloc       20%        N/A       13%         3
 Flame Wave               Conj/Fire      10%        2d5       38%         4
 Passage of Golubria      Tloc           10%        N/A       38%         4
 Agony                    Necr           10%        N/A       75%         5
 Blade Hands              Tmut           5%         N/A       75%         5
 Excruciating Wounds      Necr           5%         N/A       75%         5
 Manifold Assault         Tloc           10%        N/A       75%         5
 Silence                  Hex/Air        5%         N/A       75%         5
 Storm Form               Tmut/Air       5%         N/A       100%        7
 Lehudib's Crystal Spear  Conj/Erth      5%         10d3      100%        8


Dungeon Overview and Level Annotations

Branches:
Dungeon (10/15)            Temple (0/1) D:4            Lair (1/6) D:9
    Orc (0/2) D:10

Altars:
Dithmenos
Elyvilon
Fedhas
Hepliaklqana
Kikubaaqudgha
Makhleb
Nemelex Xobeh
Ru
Trog
Uskayaw

Shops:
D:6 !*   D:7 *   D:9 (


Innate Abilities, Weirdness & Mutations

You have very sharp teeth.
Your uncanny sense of smell can sniff out nearby items.
Your experience applies equally to all skills.


Message History

The six-headed hydra bites you. x2; The six-headed hydra barely misses you.
The six-headed hydra bites you! x2
The six-headed hydra closely misses you.
You draw a card...
You have drawn the Storm.
A fierce wind blows from the card.
The electrical discharge engulfs the plant!!
The plant begins to die.
The plant is lightly damaged.
You hear mighty peals of thunder!
You hear a loud, deep croak!
You hear a croak.
The six-headed hydra bites you. The six-headed hydra barely misses you.
The six-headed hydra bites you!
The six-headed hydra closely misses you.
The six-headed hydra bites you! x2
Okay, then.
Okay, then.
You draw a card...
You have drawn Velocity.
Nothing appears to happen.
The six-headed hydra closely misses you.
The six-headed hydra bites you! The six-headed hydra bites you.
* * * LOW HITPOINT WARNING * * *
The six-headed hydra bites you.
* * * LOW HITPOINT WARNING * * *
The six-headed hydra closely misses you.
The six-headed hydra bites you!
* * * LOW HITPOINT WARNING * * *
Okay, then.
Okay, then.
Okay, then.
Okay, then.
Okay, then.
Casting: Blink (safe; 6% risk of failure)
Confirm with . or Enter, or press ? or * to list all spells.
Okay, then.
Casting: Blink (safe; 6% risk of failure)
Confirm with . or Enter, or press ? or * to list all spells.
You blink.
The six-headed hydra bites you!
* * * LOW HITPOINT WARNING * * *
The six-headed hydra bites you!
You die...
Your body glows with a rainbow of weird colours and disappears.

#.. ##...#.#....##
##.####........P.#.#
#...........|#.....####
#..###....#####.......## #..#
##......#.........# #..#
##.####.#...###.#.## ## #..#
#P..###.P.### #.#..# #.
#..###..##.#D..# #.#[## #.
#..........@...### #.P.# #.
##.#..####.##.#..# #...####.
#.#.##.####.##..###.#....#.
#...........####....#......
####.###..###.##..###...#........
#................#.#........#####
#..######>.#####.##.#####.###
##.## #.#..# #.####### #P.#
#.##.# ##........


You could see a six-headed hydra.

Vanquished Creatures
  A komodo dragon (D:9)
  A troll (D:10)
  A steam dragon (D:8)
  3 acid dragons
  2 water moccasins
  An orc warrior (D:9)
  A sky beast (D:6)
  An ogre (D:7)
  3 centaurs
  5 wolves (Lair:1)
  2 kobold brigands (D:8)
  4 phantoms
  2 gnoll sergeants
  6 bullfrogs
  2 necrophages
  A scorpion (D:5)
  4 wights (D:8)
  5 killer bees
  2 howler monkeys
  4 hounds
  5 orc priests
  A jelly (D:4)
  2 iguanas
  3 orc wizards
  6 ogre zombies (D:10)
  16 gnolls
  12 adders
  A shadow imp (D:6)
  2 white imps (D:7)
  3 ufetubi
  3 worms
  4 dart slugs
  19 orcs
  3 ball pythons
  2 bats (D:2)
  3 endoplasms
  5 giant cockroaches
  7 goblins
  7 hobgoblins
  10 kobolds
  2 quokkas
  2 frilled lizards (D:2)
  4 goblin zombies (D:10)
  2 hobgoblin skeletons (D:10)
  A hobgoblin zombie (D:10)
  12 orc zombies (D:10)
  5 rats
193 creatures vanquished.

Vanquished Creatures (collateral kills)
  2 killer bees (D:9)
  3 gnolls (D:3)
5 creatures vanquished.

Vanquished Creatures (others)
  5 fungi (Lair:1)
  21 plants
26 creatures vanquished.

Grand Total: 224 creatures vanquished

Notes
Turn   | Place    | Note
-------+----------+-------------------------------------------
     0 | D:1      | enile the Gnoll Wanderer began the quest for the Orb.
     0 | D:1      | enile set off with the following items: a +0 vorpal dagger,
                  | 4 curare-tipped darts, a +0 quarterstaff, a +0 ring mail, a
                  | potion of might
     0 | D:1      | Reached XP level 1. HP: 23/23 MP: 4/4
   126 | D:1      | Reached XP level 2. HP: 21/29 MP: 5/5
   746 | D:1      | Found a faded altar of an unknown god.
   801 | D:1      | Prayed at the altar of an unknown god.
   801 | D:1      | Became a worshipper of Nemelex Xobeh the Trickster
   801 | D:1      | Reached * piety under Nemelex Xobeh
  1016 | D:2      | Identified the +1 robe of the Shore {Dex+3 Stlth+}
  1751 | D:2      | Reached XP level 3. HP: 12/35 MP: 5/7
  2175 | D:2      | Received a gift from Nemelex Xobeh
  2389 | D:2      | Reached skill level 1 in Short Blades
  2389 | D:2      | Reached skill level 1 in Long Blades
  2389 | D:2      | Reached skill level 1 in Axes
  2389 | D:2      | Reached skill level 1 in Maces & Flails
  2389 | D:2      | Reached skill level 1 in Polearms
  2389 | D:2      | Reached skill level 1 in Slings
  2389 | D:2      | Reached skill level 1 in Bows
  2389 | D:2      | Reached skill level 1 in Crossbows
  2389 | D:2      | Reached skill level 1 in Dodging
  2389 | D:2      | Reached skill level 1 in Stealth
  2389 | D:2      | Reached skill level 1 in Shields
  2389 | D:2      | Reached skill level 1 in Unarmed Combat
  2389 | D:2      | Reached skill level 1 in Evocations
  2516 | D:2      | Reached XP level 4. HP: 36/41 MP: 8/8
  2727 | D:2      | Reached skill level 1 in Conjurations
  2727 | D:2      | Reached skill level 1 in Hexes
  2727 | D:2      | Reached skill level 1 in Summonings
  2727 | D:2      | Reached skill level 1 in Necromancy
  2727 | D:2      | Reached skill level 1 in Translocations
  2727 | D:2      | Reached skill level 1 in Transmutations
  2727 | D:2      | Reached skill level 1 in Fire Magic
  2727 | D:2      | Reached skill level 1 in Ice Magic
  2727 | D:2      | Reached skill level 1 in Air Magic
  2727 | D:2      | Reached skill level 1 in Earth Magic
  2727 | D:2      | Reached skill level 1 in Poison Magic
  2753 | D:2      | Reached XP level 5. HP: 19/47 MP: 3/9
  3480 | D:3      | Received a gift from Nemelex Xobeh
  3580 | D:3      | Reached ** piety under Nemelex Xobeh
  4469 | D:3      | Found a burning altar of Makhleb.
  4948 | D:4      | Noticed a phantom
  4970 | D:4      | Killed a phantom
  4971 | D:4      | Reached skill level 5 in Throwing
  4971 | D:4      | Reached skill level 5 in Armour
  4971 | D:4      | Reached XP level 6. HP: 43/53 MP: 8/11
  5069 | D:4      | Identified the +9 mace of Peenuiwn {vorpal, +Blink rN+
                  | Will+ Int-2}
  5274 | D:4      | Found a hide-covered altar of Uskayaw.
  5574 | D:4      | Found a sacrificial altar of Ru.
  5577 | D:4      | Found a bloodstained altar of Trog.
  5581 | D:4      | Found a blossoming altar of Fedhas.
  5744 | D:4      | Found a staircase to the Ecumenical Temple.
  6003 | D:5      | Entered Level 5 of the Dungeon
  6014 | D:4      | Reached XP level 7. HP: 56/59 MP: 10/12
  6030 | D:5      | Reached skill level 7 in Fighting
  6264 | D:5      | Reached *** piety under Nemelex Xobeh
  6264 | D:5      | Received a gift from Nemelex Xobeh
  6773 | D:5      | Found an ancient bone altar of Kikubaaqudgha.
  6783 | D:5      | Reached XP level 8. HP: 66/67 MP: 12/14
  7147 | D:5      | Identified the +2 robe of Ujiyvo Vunu {Dex+4 Stlth+}
  7332 | D:6      | Received a gift from Nemelex Xobeh
  7696 | D:6      | Identified the +3 ring mail of Broken Taboos {Fly rElec}
  7724 | D:6      | Found Dewi's Distillery.
  7725 | D:6      | Found Ofathri's General Store.
  7732 | D:6      | Bought a potion of invisibility for 104 gold pieces
  7732 | D:6      | Bought a potion of curing for 39 gold pieces
  7805 | D:6      | Bought a potion of lignification for 36 gold pieces
  7850 | D:7      | Found Waikh's General Store.
  9016 | D:7      | Reached skill level 5 in Invocations
  9016 | D:7      | Reached XP level 9. HP: 59/72 MP: 14/16
  9192 | D:7      | Identified a scroll of acquirement
  9288 | D:7      | Acquired 843 gold pieces
  9661 | D:8      | Reached skill level 5 in Spellcasting
  9676 | D:8      | Learned a level 2 spell: Blink
  9808 | D:8      | Reached skill level 5 in Staves
 10170 | D:9      | Found a white marble altar of Elyvilon.
 10195 | D:9      | Reached skill level 8 in Fighting
 10529 | D:9      | Found a hazy altar of Hepliaklqana.
 10584 | D:9      | Reached **** piety under Nemelex Xobeh
 10588 | D:9      | Found a shadowy altar of Dithmenos.
 10906 | D:9      | Found Meklad's Firing Range.
 10924 | D:9      | Bought 3 silver javelins for 72 gold pieces
 10924 | D:9      | Bought 2 throwing nets for 60 gold pieces
 10934 | D:9      | Bought a +0 triple crossbow for 100 gold pieces
 11296 | D:9      | Received a gift from Nemelex Xobeh
 11391 | D:9      | Found a staircase to the Lair.
 11392 | D:9      | Noticed a komodo dragon
 11818 | D:9      | Killed a komodo dragon
 11819 | D:9      | Reached XP level 10. HP: 48/80 MP: 10/18
 11993 | D:10     | Entered Level 10 of the Dungeon
 12380 | D:10     | Received a gift from Nemelex Xobeh
 12389 | D:10     | Reached skill level 5 in Short Blades
 12389 | D:10     | Reached skill level 5 in Long Blades
 12389 | D:10     | Reached skill level 5 in Axes
 12389 | D:10     | Reached skill level 5 in Maces & Flails
 12389 | D:10     | Reached skill level 5 in Polearms
 12389 | D:10     | Reached skill level 5 in Slings
 12389 | D:10     | Reached skill level 5 in Bows
 12389 | D:10     | Reached skill level 5 in Crossbows
 12389 | D:10     | Reached skill level 5 in Dodging
 12389 | D:10     | Reached skill level 5 in Stealth
 12389 | D:10     | Reached skill level 5 in Shields
 12389 | D:10     | Reached skill level 5 in Unarmed Combat
 12389 | D:10     | Reached skill level 5 in Evocations
 12489 | D:10     | Found a staircase to the Orcish Mines.
 13150 | D:10     | Noticed a skeletal warrior
 13150 | D:10     | Noticed a skeletal warrior
 13150 | D:10     | Noticed a skeletal warrior
 13153 | D:10     | Noticed a skeletal warrior
 13155 | D:10     | Noticed a skeletal warrior
 13250 | Lair:1   | Entered Level 1 of the Lair of Beasts
 13749 | Lair:1   | Learned a level 3 spell: Inner Flame
 13817 | D:9      | Bought a manual of Crossbows for 800 gold pieces
 13961 | Lair:1   | Noticed a six-headed hydra
 14047 | Lair:1   | Reached ***** piety under Nemelex Xobeh
 14050 | Lair:1   | Identified the +8 mace "Kataedig" {vorpal, rC- Will- Int+8}
 14244 | Lair:1   | HP: 2/82 [six-headed hydra (12)]
 14244 | Lair:1   | Mangled by a six-headed hydra

Illustrated notes

Levels and vault maps discovered:
D:1:      amcnicky_arrival_underground_garden, layout_loops_ring,
          dreamdust_ecumenical_altar_hidden_monk_grotto
D:2:      layout_basic
D:3:      layout_basic, mainiacjoe_overflow_24_doors, dk_noncrumbling_3,
          hex_large, minmay_misc_feat_four_crosses, minmay_parallelograms
D:4:      layout_loops_ring, grunt_temple_overflow_diamond,
          mainiacjoe_overflow_concentric_impassable,
          minmay_temple_entry_large_hall, minmay_misc_feat_tower
D:5:      layout_basic, nicolae_kikubaaqudgha_miasma_corner, st_stairs_10,
          chequers_serial_rivers_micro_b
D:6:      layout_basic, serial_shops, nicolae_shop_trees, shop
D:7:      layout_layer_cave, serial_shops, shop
D:8:      layout_loops_cross
D:9:      mumra_celtic_spiral_tile, layout_cave_pools, lemuel_crystal_altar,
          nicolae_dithmenos_the_darkroom, nicolae_hepliaklqana_hippocampus,
          david_lair_shrubbed, nicolae_shop_firing_range
D:10:     layout_roguey, zombieorc1_lemuel, minivault_22
Lair:1:   layout_loops_ring, grunt_forest_small_clearings

Skill      XL: |  1  2  3  4  5  6  7  8  9 10 |
---------------+-------------------------------+-----
Short Blades   | 1 2 3 4 5 |  5.3
Long Blades    | 1 2 3 4 5 |  5.3
Axes           | 1 2 3 4 5 |  5.3
Maces & Flails | 1 2 3 4 5 |  5.3
Polearms       | 1 2 3 4 5 |  5.3
Slings         | 1 2 3 4 5 |  5.3
Bows           | 1 2 3 4 5 |  5.3
Crossbows      | 1 2 3 4 5 |  5.3
Dodging        | 1 2 3 4 5 |  5.3
Stealth        | 1 2 3 4 5 |  5.3
Shields        | 1 2 3 4 5 |  5.3
Unarmed Combat | 1 2 3 4 5 |  5.3
Evocations     | 1 2 3 4 5 |  5.3
Spellcasting   | 3 4 5 6 |  6.1
Conjurations   | 1 2 3 4 |  4.3
Hexes          | 1 2 3 4 |  4.3
Summonings     | 1 2 3 4 |  4.3
Necromancy     | 1 2 3 4 |  4.3
Translocations | 1 2 3 4 |  4.3
Transmutations | 1 2 3 4 |  4.3
Fire Magic     | 1 2 3 4 |  4.3
Ice Magic      | 1 2 3 4 |  4.3
Air Magic      | 1 2 3 4 |  4.3
Earth Magic    | 1 2 3 4 |  4.3
Poison Magic   | 1 2 3 4 |  4.3
Invocations    | 3 4 5 6 |  6.4
Staves         | 3 4 5 6 |  6.0
Throwing       | 5 6 7 |  7.1
Armour         | 5 6 7 |  7.1
Fighting       | 7 8 |  8.5

Action                   |  1- 3 |  4- 6 |  7- 9 | 10-12 || total
-------------------------+-------+-------+-------+-------++-------
Melee: Dagger            |   160 |   119 |       |       ||   279
       Bite              |    18 |    17 |    19 |     9 ||    63
       Punch             |     1 |     3 |     4 |     2 ||    10
       Short sword       |       |    48 |       |       ||    48
       Mace              |       |    44 |   229 |    77 ||   350
 Fire: Triple crossbow   |       |       |     6 |    77 ||    83
Throw: Dart              |       |     8 |     4 |       ||    12
       Throwing net      |       |       |     1 |       ||     1
 Cast: Blink             |       |       |       |     1 ||     1
Invok: Draw Destruction  |       |     2 |     1 |     1 ||     4
       Draw Escape       |       |     1 |     1 |     1 ||     3
       Draw Summoning    |       |     1 |     1 |       ||     2
 Abil: Evoke Blink       |       |       |     3 |       ||     3
  Use: Scroll            |       |     1 |    10 |       ||    11
       Potion            |       |       |     2 |     1 ||     3
 Stab: Sleeping          |       |     8 |       |       ||     8
Armor: Ring mail         |    52 |    17 |       |       ||    69
       Robe              |       |    27 |       |       ||    27
       Pearl dragon scal |       |     6 |   154 |   106 ||   266
Dodge: Dodged            |    82 |   121 |   165 |   138 ||   506

Table legend: (Time is in decaauts)
 A = Elapsed time spent in this place.
 B = Non-inter-level travel time spent in this place.
 C = Inter-level travel time spent in this place.
 D = Time resting spent in this place.
 E = Time spent auto-exploring this place.
 F = Levels seen in this place.
 G = Mean time per level.
                   A        B        C        D        E       F      G
               +--------+--------+--------+--------+--------+-----+--------+
         Total |  14410 |  13720 |    690 |   1596 |  10084 |  11 | 1310.0 |
       Dungeon |  13511 |  12834 |    677 |   1294 |   9676 |  10 | 1351.1 |
          Lair |    898 |    885 |     13 |    302 |    408 |   1 |  898.0 |
               +--------+--------+--------+--------+--------+-----+--------+

Top non-repeatable levels by time:
     D:2: 2235 daAuts
     D:9: 1763 daAuts
     D:4: 1417 daAuts
    D:10: 1299 daAuts
     D:3: 1250 daAuts
     D:5: 1186 daAuts
     D:6: 1132 daAuts
     D:1: 1114 daAuts
     D:7: 1071 daAuts
     D:8: 1040 daAuts
  Lair:1: 898 daAuts
